[Event "Early-Titled-Tuesday-Blitz-April-16-2024"]
[Site "Chess.com"]
[Date "2024.04.16"]
[Round "8"]
[White "Makswolf200817"]
[Black "Nf3c5"]
[Result "1/2-1/2"]
[WhiteElo "2777"]
[BlackElo "2621"]
[TimeControl "180+1"]
[EndTime "9:31:18 PDT"]
[Termination "Game drawn by repetition"]

1. d4 Nf6 2. c4 g6 3. g3 Bg7 4. Bg2 O-O 5. Nc3 d6 6. Nf3 c6 7. O-O Qa5 8. e4 e5 9. Re1 exd4 10. Nxd4 Qc5 11. Bf1 Ng4 12. Nce2 Qxc4 13. Bf4 Ne5 14.
Bxe5 Bxe5 15. b3 Qb4 16. Rc1 Na6 17. Rc4 Qb6 18. Nf3 Bg4 19. Nxe5 dxe5 20. Qc1 Bxe2 21. Bxe2 Nc7 22. Qc3 Rfe8 23. Rb4 Qa5 24. Rc1 Ne6 25. Rxb7 Qxa2 26. Bf1 Nd4 27. Ra1 Ne2+ 28. Bxe2 Qxe2 29. Qxc6 a5 30. Qd5 Qf3 31. Rd1 a4 32. Rd3 Qf6 33. bxa4 Rxa4 34. Kg2 Raa8 35. Rf3 Qe6 36. Rfxf7 Qxd5 37. exd5 Rad8 38. Rg7+ Kh8 39. Rxh7+ Kg8 40. Rhd7 Rxd7 41.
Rxd7 e4 42. h4 e3 43. fxe3 Rxe3 44. Kh3 Re4 45. Kg2 Re3 46. Kf2 Rd3 47. Kg2 Re3 1/2-1/2

[Event "Early-Titled-Tuesday-Blitz-April-16-2024"]
[Site "Chess.com"]
[Date "2024.04.16"]
[Round "8"]
[White "jumpingknight20"]
[Black "CrushingKings"]
[Result "1-0"]
[WhiteElo "2744"]
[BlackElo "2600"]
[TimeControl "180+1"]
[EndTime "9:31:18 PDT"]
[Termination "jumpingknight20 won on time"]

1. c4 g6 2. g3 Bg7 3. Bg2 Nf6 4. Nf3 O-O 5. O-O d6 6. Nc3 Nbd7 7. Rb1 c5 8. d4 Rb8 9. Bf4 b6 10. d5 a6 11. a4 Ne8 12. Qc2 Nc7 13. b4 b5 14.
axb5 axb5 15. bxc5 Nxc5 16. cxb5 Bxc3 17. Qxc3 Nxd5 18.
Qd4 Nxf4 19. Qxf4 Bd7 20. Qc4 Be6 21. Qc3 Bf5 22. Rb4 Be4 23. Ra1 Qb6 24. h4 Rfc8 25. Qe3 Bxf3 26. Bxf3 Ne6 27. Qd2 h5 28. g4 hxg4 29.
Bxg4 f5 30. Qd5 Kf7 31. Bxf5 gxf5 32. Qxf5+ Ke8 33. Qxe6 Qc5 34. Rg4 Kd8 35. b6 1-0

[Event "Early-Titled-Tuesday-Blitz-April-16-2024"]
[Site "Chess.com"]
[Date "2024.04.16"]
[Round "8"]
[White "Ginger_GM"]
[Black "CristianS27"]
[Result "1-0"]
[WhiteElo "2655"]
[BlackElo "2532"]
[TimeControl "180+1"]
[EndTime "9:31:19 PDT"]
[Termination "Ginger_GM won on time"]

1. e4 e5 2. f4 Nc6 3. Nf3 exf4 4. d4 d6 5. Bxf4 Nf6 6. Nc3 Be7 7. h3 O-O 8. Bd3 Nh5 9. Qd2 Nxf4 10. Qxf4 Bf6 11.
Ne2 Re8 12. O-O-O Qe7 13. Kb1 Nb4 14. g4 Nxd3 15. cxd3 g6 16. h4 c5 17. g5 Bg7 18.
h5 cxd4 19. Nexd4 Be6 20. Nf5 gxf5 21. exf5 Bxf5 22. Qxf5 Qe6 23. Nh4 Qe2 24. d4 Rac8 25. g6 Qe4+ 26. Qxe4 Rxe4 27. Nf5 Rd8 28. Rhg1 hxg6 29. hxg6 fxg6 30. Rxg6 Rd7 31. Rdg1 Kf7 32. Rxg7+ Ke6 33. d5+ Kxf5 34. Rxd7 Re1+ 35. Rxe1 1-0

[Event "Early-Titled-Tuesday-Blitz-April-16-2024"]
[Site "Chess.com"]
[Date "2024.04.16"]
[Round "8"]
[White "chezzgirl04"]
[Black "Smiechu"]
[Result "0-1"]
[WhiteElo "2168"]
[BlackElo "2374"]
[TimeControl "180+1"]
[EndTime "9:31:20 PDT"]
[Termination "Smiechu won by resignation"]

1. e4 c5 2. Nf3 g6 3. d4 cxd4 4. Nxd4 Nc6 5. Be3 Nf6 6. Nc3 Bg7 7. Bc4 O-O 8. O-O Nxe4 9. Nxe4 d5 10. Nxc6 bxc6 11. Bd3 dxe4 12. Bxe4 Qc7 13. c3 Be6 14. Qf3 Rfd8 15. h4 h5 16. Bf4 Qb6 17. Bxc6 Rac8 18. Bb7 Rc4 19. Be3 Qxb2 20. Bxa7 Bg4 21. Rab1 Qxb1 22. Rxb1 Bxf3 23. Bxf3 Rxc3 24. a4 Ra3 25.
Bb6 Rb8 26. Bc6 Bd4 27. a5 Bxb6 28. axb6 Ra6 29. Bd5 Raxb6 30. Re1 Rb1 31. Rxb1 Rxb1+ 32. Kh2 e6 33. Be4 Kg7 34. Kg3 Rb3+ 35. f3 Kf6 36. Kf4 Rb4 37. Ke3 e5 38. g4 Rb3+ 39. Kf2 hxg4 40.
fxg4 Rh3 41. h5 gxh5 42. gxh5 Rxh5 0-1

[Event "Early-Titled-Tuesday-Blitz-April-16-2024"]
[Site "Chess.com"]
[Date "2024.04.16"]
[Round "8"]
[White "GHANDEEVAM2003"]
[Black "MyDream003"]
[Result "1-0"]
[WhiteElo "3011"]
[BlackElo "2797"]
[TimeControl "180+1"]
[EndTime "9:31:21 PDT"]
[Termination "GHANDEEVAM2003 won on time"]

1. c3 d5 2. Nf3 Nf6 3. g3 Bf5 4. Bg2 c6 5. O-O h6 6. d3 e6 7. Nbd2 Bh7 8. Qc2 Be7 9. e4 O-O 10. b3 a5 11. a3 Na6 12. Bb2 Rc8 13. Rfe1 Nc5 14. Ne5 Ncd7 15. Nxd7 Nxd7 16. b4 Ra8 17. h4 Re8 18. Qb3 Qc7 19. d4 b6 20. b5 a4 21.
Qd1 Nf6 22. bxc6 dxe4 23. Nxe4 Nxe4 24. Rxe4 Bxe4 25. Bxe4 Bf6 26. Qf3 Ra5 27. Re1 Rc8 28. Kg2 Rb5 29. Bc1 Rb3 30. Bf4 Qd8 31. Bc2 Rxa3 32.
Bc1 Ra2 33. Be4 Ra1 34. d5 exd5 35. Bxd5 a3 36. Qh5 Qf8 37. Qf5 Qd8 38. Rd1 Qf8 39. Be4 g6 40. Qxf6 a2 41. c7 Rb1 42. Rd8 a1=Q 43.
Rxf8+ Rxf8 44. Bxh6 Rg1+ 45. Kh2 1-0

[Event "Early-Titled-Tuesday-Blitz-April-16-2024"]
[Site "Chess.com"]
[Date "2024.04.16"]
[Round "8"]
[White "FuenfgegenWilly"]
[Black "JonasEilenberg"]
[Result "0-1"]
[WhiteElo "2458"]
[BlackElo "2628"]
[TimeControl "180+1"]
[EndTime "9:31:21 PDT"]
[Termination "JonasEilenberg won on time"]

1. d4 d5 2. c4 e6 3. Nc3 c6 4. e4 dxe4 5. Nxe4 Bb4+ 6. Nc3 e5 7. a3 Bxc3+ 8. bxc3 exd4 9. cxd4 Nf6 10. Nf3 O-O 11. Be2 Re8 12. O-O h6 13. Bb2 Bf5 14.
Re1 Nbd7 15. Qb3 Qb6 16. Qc3 Ne4 17. Qc1 Ndf6 18. Ne5 Rad8 19. c5 Qc7 20. Qf4 Qc8 21. Bc4 Nd5 22. Qh4 Nef6 23. Re2 Bg4 24. f3 Be6 25.
Rae1 Nc7 26. Bd3 Bf5 27. Bc4 Be6 28. Bd3 Bf5 29. Bc4 Ncd5 30. h3 Bg6 31. Ng4 Rxe2 32. Rxe2 Re8 33. Ne5 Kh7 34. Qe1 Nf4 35. Re3 N6d5 36.
Bxd5 Nxd5 37. Re2 Nf4 38. Re3 Qf5 39. g4 Qc2 40. Qf1 Qxb2 0-1

[Event "Early-Titled-Tuesday-Blitz-April-16-2024"]
[Site "Chess.com"]
[Date "2024.04.16"]
[Round "8"]
[White "ATM622"]
[Black "HanSchut"]
[Result "1/2-1/2"]
[WhiteElo "2433"]
[BlackElo "2305"]
[TimeControl "180+1"]
[EndTime "9:31:22 PDT"]
[Termination "Game drawn by repetition"]

1. d4 Nf6 2. c4 g6 3. g3 Bg7 4. Bg2 d5 5. Nf3 O-O 6. O-O dxc4 7. Qc2 Nc6 8. Qxc4 Be6 9. Qc2 Nd5 10. Rd1 Nb6 11.
e3 Bf5 12. Qe2 Qc8 13. Nc3 Bh3 14. b3 e5 15. Ba3 Re8 16. d5 Nd4 17. exd4 exd4 18. Ne4 f5 19. Nfg5 Bxg2 20. Kxg2 fxe4 21. Nxe4 Qf5 22. f3 Nxd5 23. Kh1 Kh8 24. Bb2 Rf8 25. Rd3 Rae8 26. Re1 Nb4 27. Rxd4 Qxf3+ 28. Qxf3 Rxf3 29. Rxb4 Bxb2 30. Rxb7 Rf7 31. Re2 Bd4 32. Kg2 Bb6 33. a4 a5 34. h4 Kg7 35. b4 axb4 36. a5 Bxa5 37. Rb5 Bb6 38. Rxb4 Rfe7 39. Rc4 h6 40. Kf3 Rf8+ 41. Kg2 Rfe8 42. Kf3 Rf8+ 43. Kg2 Rfe8 1/2-1/2

[Event "Early-Titled-Tuesday-Blitz-April-16-2024"]
[Site "Chess.com"]
[Date "2024.04.16"]
[Round "8"]
[White "nihalsarin"]
[Black "gurelediz"]
[Result "1-0"]
[WhiteElo "3166"]
[BlackElo "2945"]
[TimeControl "180+1"]
[EndTime "9:31:23 PDT"]
[Termination "nihalsarin won on time"]

1. d4 Nf6 2. c4 e6 3. Nf3 d5 4.
Nc3 Be7 5. Bg5 h6 6. Bxf6 Bxf6 7. e3 c6 8. Qc2 Nd7 9. O-O-O dxc4 10. Bxc4 b5 11.
Bd3 Bb7 12. Ne4 Be7 13. Kb1 Rc8 14. Nc5 Bxc5 15. dxc5 Qe7 16. Rc1 O-O 17. Rhd1 Rfd8 18. Bh7+ Kf8 19. Be4 Nf6 20. Ne5 Rxd1 21. Rxd1 Nxe4 22.
Qxe4 Rd8 23. Rd4 Rd5 24. Qh7 Qg5 25. Rxd5 exd5 26. Qh8+ Ke7 27. Qb8 Qf5+ 28. Kc1 Bc8 29. Qd6+ Ke8 30. Qxc6+ Ke7 31. Qd6+ Ke8 32. Qc6+ Ke7 33.
Qxd5 Qxf2 34. Nc6+ Kf6 35. Qe5+ Kg6 36. Ne7+ Kh7 37.
Nxc8 Qf1+ 38. Kd2 1-0

[Event "Early-Titled-Tuesday-Blitz-April-16-2024"]
[Site "Chess.com"]
[Date "2024.04.16"]
[Round "8"]
[White "MomchilPetkov"]
[Black "MarcoRiehle"]
[Result "1-0"]
[WhiteElo "2932"]
[BlackElo "2735"]
[TimeControl "180+1"]
[EndTime "9:31:23 PDT"]
[Termination "MomchilPetkov won by checkmate"]

1. d4 d5 2. Nf3 e6 3. c4 Nf6 4.
Nc3 c5 5. e3 cxd4 6. exd4 Nc6 7.
a3 Be7 8. c5 Ne4 9. Bb5 O-O 10.
O-O Qc7 11. Re1 f5 12. Bxc6 bxc6 13. Ne5 Bf6 14. Nxe4 Bxe5 15. Ng3 Bf6 16. Nh5 Be7 17. Bf4 Qb7 18. Be5 g6 19. Nf4 Qxb2 20. Rb1 Qxa3 21. Re3 Qa6 22. Rg3 Kf7 23. Rgb3 Bf6 24. Ra1 Qc4 25.
Nd3 a5 26. Bxf6 Kxf6 27. Ne5 Qa6 28. Rb6 Qa7 29. Nxc6 Qc7 30. Rxa5 Bd7 31. Rxa8 Rxa8 32. Ne5 Be8 33. h4 Qa7 34. Qd2 Qa1+ 35. Kh2 Ra7 36. Rb8 Bf7 37. Qg5+ Kg7 38. h5 Qxd4 39. h6# 1-0

[Event "Early-Titled-Tuesday-Blitz-April-16-2024"]
[Site "Chess.com"]
[Date "2024.04.16"]
[Round "8"]
[White "FARIZA2018"]
[Black "Alen_Yeremyann"]
[Result "0-1"]
[WhiteElo "2562"]
[BlackElo "2835"]
[TimeControl "180+1"]
[EndTime "9:31:25 PDT"]
[Termination "Alen_Yeremyann won on time"]

1. e4 c5 2. Nf3 Nc6 3. d4 cxd4 4. Nxd4 Nf6 5. Nc3 e5 6. Ndb5 d6 7. Bg5 a6 8. Na3 b5 9. Nd5 Be7 10. Bxf6 Bxf6 11. c4 b4 12. Nc2 a5 13. g3 Bg5 14.
Bg2 O-O 15. O-O Be6 16. b3 Rb8 17. Qd3 Bxd5 18. Qxd5 Qb6 19. Rad1 Rbd8 20. Kh1 g6 21. f4 Bf6 22. Qd3 Nd4 23. Ne3 Bg7 24. Nd5 Qb7 25.
f5 f6 26. Bh3 g5 27. Bg4 a4 28. bxa4 Ra8 29. Rd2 Rxa4 30. Rb1 Rfa8 31. Rbb2 Ra3 32.
Qf1 b3 33. axb3 Rxb3 34. Rxb3 Qxb3 35. Qd3 Ra1+ 36. Kg2 Ra2 37. Nc3 Ra3 38. Qb1 Qxc3 39. Qb8+ Bf8 40. Rb2 Qe1 41. Qb7 Ra1 42. Qd5+ Kh8 0-1

[Event "Early-Titled-Tuesday-Blitz-April-16-2024"]
[Site "Chess.com"]
[Date "2024.04.16"]
[Round "8"]
[White "atalz0"]
[Black "the_chess_child"]
[Result "1/2-1/2"]
[WhiteElo "2481"]
[BlackElo "2825"]
[TimeControl "180+1"]
[EndTime "9:31:25 PDT"]
[Termination "Game drawn by repetition"]

1. d4 Nf6 2. c4 g6 3. f3 Nh5 4.
Nh3 e5 5. Bg5 Be7 6. Bxe7 Qxe7 7. dxe5 Qxe5 8. Nc3 O-O 9. Qd2 c6 10.
O-O-O d5 11. cxd5 Bxh3 12. gxh3 Rd8 13. e3 cxd5 14. f4 Qe6 15. Bg2 Nc6 16. Nxd5 Nf6 17.
Nxf6+ Qxf6 18. Qc3 Qf5 19. Bxc6 bxc6 20. Rxd8+ Rxd8 21.
Rd1 Rxd1+ 22. Kxd1 Qxh3 23. Qd2 h5 24. Kc2 Qf1 25. Qd8+ Kg7 26. Qd4+ Kg8 27. Qd8+ Kh7 28. Qd4 Qe2+ 29. Kb3 Qxh2 30. Qf6 Kg8 31. Qd8+ Kg7 32. Qd4+ f6 33. Qd7+ Kh6 34. Qe7 h4 35. Qxf6 Kh7 36. Qe7+ Kh6 37. Qg5+ Kh7 38. Qe7+ Kh6 39. Qg5+ Kh7 40.
Qe7+ 1/2-1/2

[Event "Early-Titled-Tuesday-Blitz-April-16-2024"]
[Site "Chess.com"]
[Date "2024.04.16"]
[Round "8"]
[White "PolandHussars"]
[Black "Nimrod_Veinberg"]
[Result "0-1"]
[WhiteElo "2594"]
[BlackElo "2714"]
[TimeControl "180+1"]
[EndTime "9:31:25 PDT"]
[Termination "Nimrod_Veinberg won by resignation"]

1. e4 c5 2. Ne2 e6 3. g3 d5 4. Bg2 dxe4 5. Bxe4 Nf6 6. Bg2 Nc6 7. O-O Be7 8. Nbc3 O-O 9. d3 h6 10. h3 e5 11. Be3 Be6 12. f4 Nd5 13. Nxd5 Bxd5 14.
Nc3 Bxg2 15. Kxg2 exf4 16. Bxf4 Bf6 17. Ne4 b6 18. Bd6 Be7 19. Bxe7 Qxe7 20. Qd2 Rad8 21. Rae1 f5 22. Nc3 Qd6 23. Qf4 Qxf4 24. Rxf4 Nd4 25. Rf2 Rfe8 26. Rxe8+ Rxe8 27. Nd5 Re5 28. Nc3 g6 29. a4 Kg7 30. Nb5 Nxb5 31. axb5 Re1 32. Kf3 Kf6 33. Rd2 Ke5 34. c3 Kd5 35. g4 Rf1+ 36.
Kg2 Rf4 37. Kg3 g5 38. gxf5 Rxf5 39. Re2 c4 40. dxc4+ Kxc4 41. Re7 Rxb5 42. Rc7+ Kd3 43. b4 a5 44. bxa5 bxa5 45. Kg4 Kc2 46. Kh5 a4 47. Ra7 Kb3 48. Kxh6 a3 49. c4 Rc5 50.
Rg7 a2 51. Rxg5 Rxg5 52. Kxg5 a1=Q 53. h4 Qh8 54. h5 Kxc4 55. Kg6 Kd5 56. h6 Ke6 57. h7 Qf6+ 58. Kh5 Qg7 59. h8=Q Qxh8+ 60. Kg6 Qg8+ 61. Kh6 Kf5 0-1

[Event "Early-Titled-Tuesday-Blitz-April-16-2024"]
[Site "Chess.com"]
[Date "2024.04.16"]
[Round "8"]
[White "Gryffindorac8"]
[Black "vladgoncharov"]
[Result "0-1"]
[WhiteElo "2448"]
[BlackElo "2615"]
[TimeControl "180+1"]
[EndTime "9:31:25 PDT"]
[Termination "vladgoncharov won by resignation"]

1. d4 Nf6 2. c4 e6 3. Nf3 Bb4+ 4. Bd2 a5 5. g3 b6 6. Bg2 Bb7 7. O-O O-O 8. Bg5 Be7 9. Nc3 d6 10. Bxf6 Bxf6 11. e4 Nd7 12. Re1 e5 13. Qd2 Re8 14.
Rad1 a4 15. h4 h6 16. Kh2 Ra5 17. Qc2 Qa8 18. b4 axb3 19. axb3 exd4 20. Nxd4 Bxd4 21. Rxd4 Nf6 22. Rdd1 Bc6 23. b4 Ra3 24. Qb2 Ra7 25. Ra1 Ng4+ 26. Kg1 Ne5 27. Rxa7 Qxa7 28. Ra1 Qb8 29. Qb3 Qd8 30. Ra7 Qb8 31. Ra1 Bd7 32. Nd5 Be6 33. Qc3 c6 34. Ne3 b5 35. c5 dxc5 36.
Qxe5 Qxe5 0-1

[Event "Early-Titled-Tuesday-Blitz-April-16-2024"]
[Site "Chess.com"]
[Date "2024.04.16"]
[Round "8"]
[White "Der_Balak_3Halak"]
[Black "ferdipy"]
[Result "1-0"]
[WhiteElo "2458"]
[BlackElo "2302"]
[TimeControl "180+1"]
[EndTime "9:31:25 PDT"]
[Termination "Der_Balak_3Halak won on time"]

1. e4 e6 2. d4 d5 3. exd5 exd5 4. Bd3 c6 5. Bf4 Na6 6. c3 Nc7 7. Qe2+ Be6 8. Nf3 Be7 9. Qe5 Rc8 10. Qxg7 Bf6 11.
Qg3 Ne7 12. Bg5 Nf5 13. Bxf6 Qxf6 14. Qe5 Qh6 15. Qxh8+ Kd7 16. Ne5+ Ke7 17. Qxc8 Bxc8 18. Nd2 Nd6 19. O-O-O f6 20. Nf3 Bf5 21. Bxf5 Nxf5 22. g4 Nd6 23. h4 Qf4 24. g5 Ne4 25. Rde1 Kd6 26. Re3 Nxf2 27. Rf1 Qxe3 28. gxf6 Nd3+ 29. Kc2 Nf4 30. f7 Nce6 31. Ng5 Qd3+ 32. Kd1 Qe2+ 33. Kc2 Qd3+ 34. Kd1 h6 35. Nxe6 Nxe6 36. Rf6 1-0

[Event "Early-Titled-Tuesday-Blitz-April-16-2024"]
[Site "Chess.com"]
[Date "2024.04.16"]
[Round "8"]
[White "VacheH009"]
[Black "cthulhuuu"]
[Result "1-0"]
[WhiteElo "2620"]
[BlackElo "2422"]
[TimeControl "180+1"]
[EndTime "9:31:26 PDT"]
[Termination "VacheH009 won on time"]

1. c4 Nf6 2. d4 e5 3. dxe5 Ng4 4. Nf3 Bc5 5. e3 Nc6 6. Be2 O-O 7. O-O Re8 8. b3 a5 9. Nc3 Ncxe5 10. Bb2 Ra6 11.
Nxe5 Nxe5 12. Ne4 Ba7 13. Qd5 Rae6 14. Qxa5 Bb6 15. Qc3 Qh4 16. f4 Rh6 17. h3 Rg6 18. c5 Qxh3 19. Ng5 Qg3 20. cxb6 h6 21. Bh5 Rxg5 22.
fxg5 Qxg5 23. Bf3 c6 24. e4 d6 25. Qc1 Qg3 26. Qe1 Qg5 27. Bxe5 Rxe5 28. Rd1 Bh3 29. Qd2 Qg3 30. Qf2 Qg5 31. Qd2 Qg3 32.
Qxd6 Rf5 33. Qxg3 1-0

[Event "Early-Titled-Tuesday-Blitz-April-16-2024"]
[Site "Chess.com"]
[Date "2024.04.16"]
[Round "8"]
[White "JaackCamel"]
[Black "abc_xyz4744"]
[Result "0-1"]
[WhiteElo "2225"]
[BlackElo "2405"]
[TimeControl "180+1"]
[EndTime "9:31:29 PDT"]
[Termination "abc_xyz4744 won by resignation"]

1. d4 d5 2. c4 c6 3. cxd5 cxd5 4. Bf4 Nf6 5. e3 Nc6 6. Nc3 Bf5 7. Qb3 Na5 8. Qa4+ Bd7 9. Qc2 e6 10. Bd3 Rc8 11. h3 Bb4 12. Ne2 O-O 13. O-O a6 14. Rfc1 Qe7 15. Qd1 Nc4 16. Rab1 b5 17. a4 Bd6 18.
axb5 axb5 19. Ra1 Bxf4 20. Nxf4 Ra8 21. Qe2 b4 22. Nd1 Bb5 23. b3 Rxa1 24. Rxa1 Rc8 25. bxc4 dxc4 26. Bc2 b3 27. Bxb3 Qb4 28. Bc2 c3 29. Bd3 c2 30. Nb2 c1=Q+ 31. Rxc1 Rxc1+ 32. Kh2 Rb1 33. Bxb5 Rxb2 34. Qf3 Qxb5 35. Qa8+ Qb8 36. Qf3 g5 37. g3 gxf4 38. gxf4 Qb5 39. Qg2+ Kf8 40. Qa8+ Ke7 41. Qa3+ Qb4 42. Qa7+ Qb7 43. Qc5+ Ke8 44. Qg5 Rxf2+ 45. Kg3 Rg2+ 46. Kh4 Rxg5 47. fxg5 Qe4+ 0-1

[Event "Early-Titled-Tuesday-Blitz-April-16-2024"]
[Site "Chess.com"]
[Date "2024.04.16"]
[Round "8"]
[White "AlessiaSanteramo"]
[Black "wild3000"]
[Result "1-0"]
[WhiteElo "2332"]
[BlackElo "2484"]
[TimeControl "180+1"]
[EndTime "9:31:31 PDT"]
[Termination "AlessiaSanteramo won by checkmate"]

1. e4 a6 2. d4 b5 3. Bd3 Bb7 4. Nf3 e6 5. O-O c5 6. c3 Nf6 7. Re1 d6 8. a4 c4 9. Bc2 Be7 10.
e5 Nd5 11. Nbd2 Nd7 12. exd6 Bxd6 13. Ne4 Be7 14. Qe2 N7f6 15. Neg5 O-O 16. Ne5 h6 17. Ngxf7 Rxf7 18. Nxf7 Kxf7 19. Qxe6+ Kf8 20. Bg6 Qe8 21. Bxe8 Rxe8 22. Bd2 Bc8 23. Qe2 Bg4 24. f3 Bf5 25. Qf2 Rb8 26. axb5 axb5 27. Ra7 Bd6 28. Ra6 Bc7 29.
g4 Bd3 30. h4 Kg8 31. Ree6 b4 32. cxb4 Nxb4 33. Bxb4 Rxb4 34. g5 hxg5 35. hxg5 Nh5 36.
g6 Rb8 37. Qh4 Bf4 38. Qxh5 Bh6 39. Qe5 Rf8 40. Re8 Bxg6 41. Rxg6 Kh7 42. Rxf8 Kxg6 43. Qf5# 1-0

[Event "Early-Titled-Tuesday-Blitz-April-16-2024"]
[Site "Chess.com"]
[Date "2024.04.16"]
[Round "8"]
[White "IPAchess"]
[Black "AmanteDeMoi"]
[Result "0-1"]
[WhiteElo "2385"]
[BlackElo "2602"]
[TimeControl "180+1"]
[EndTime "9:31:32 PDT"]
[Termination "AmanteDeMoi won on time"]

1. d4 g6 2. c4 Bg7 3. Nf3 d6 4. Nc3 e5 5. dxe5 dxe5 6. Qxd8+ Kxd8 7. Bg5+ f6 8. O-O-O+ Nd7 9. Bh4 Ne7 10. h3 Nf5 11. e4 Nxh4 12. Nxh4 c6 13. Be2 Ke7 14. Kb1 a5 15. Rd2 Nc5 16. Rhd1 Bh6 17. Rc2 Be6 18. g3 Rhd8 19. Rxd8 Rxd8 20. g4 Rd4 21. Nf3 Rd8 22.
b3 Bf4 23. Kb2 Bf7 24. a3 Nd3+ 25. Bxd3 Rxd3 26. Ng1 b5 27. Nce2 a4 28. bxa4 bxa4 29. Nxf4 exf4 30. Rc3 Rd2+ 31. Rc2 Rxc2+ 32. Kxc2 Bxc4 33.
Kc3 Bb5 34. Nf3 c5 35. h4 Bd7 36. g5 Bb5 37. Nd2 Ke6 38. f3 Be2 39. Kc2 Ke5 40. Kc3 Kd6 41. Kc2 Ke6 42. Kc3 Ke5 43. Nc4+ Ke6 44.
Nd2 fxg5 45. hxg5 h5 46. gxh6 Kf6 47. e5+ Kf7 48. e6+ Kg8 49. Nc4 Bxf3 50. Ne5 Bc6 51. Nxg6 f3 52. Kd3 Kh7 0-1

[Event "Early-Titled-Tuesday-Blitz-April-16-2024"]
[Site "Chess.com"]
[Date "2024.04.16"]
[Round "8"]
[White "imdvb6307"]
[Black "Shuvalov"]
[Result "1-0"]
[WhiteElo "2524"]
[BlackElo "2616"]
[TimeControl "180+1"]
[EndTime "9:31:32 PDT"]
[Termination "imdvb6307 won on time"]

1. d4 Nf6 2. Nf3 g6 3. c4 Bg7 4. Nc3 d5 5. Bf4 O-O 6. Rc1 c5 7. dxc5 Ne4 8. Be5 Bxe5 9. Nxe5 Nxc3 10. Rxc3 d4 11. Rd3 Qa5+ 12. Qd2 Qxc5 13. Nf3 e5 14. e4 f5 15. Qh6 fxe4 16. Ng5 Qe7 17. Nxe4 Bf5 18.
f3 Bxe4 19. fxe4 Rf4 20. Rh3 Nd7 21. c5 Nf6 22. Bc4+ Kh8 23. Rf1 Qxc5 24. Rxf4 exf4 25. Qxg6 Qb4+ 26. Kd1 Rf8 27. Qh6 f3 28. gxf3 d3 29.
e5 Qc5 30. exf6 Qg1+ 31. Kd2 Qf2+ 32. Kxd3 Rd8+ 33. Ke4 Qd4+ 34. Kf5 Qc5+ 35. Kg4 1-0

[Event "Early-Titled-Tuesday-Blitz-April-16-2024"]
[Site "Chess.com"]
[Date "2024.04.16"]
[Round "8"]
[White "Knightmare1014"]
[Black "Eliwood44"]
[Result "0-1"]
[WhiteElo "2307"]
[BlackElo "2487"]
[TimeControl "180+1"]
[EndTime "9:31:32 PDT"]
[Termination "Eliwood44 won by checkmate"]

1. e4 e5 2. Nf3 Nc6 3. Bb5 a6 4.
Ba4 Nge7 5. d4 exd4 6. Nxd4 Nxd4 7. Qxd4 Nc6 8. Qd1 Bd6 9. Nc3 O-O 10. O-O Re8 11.
Be3 Qh4 12. g3 Qh3 13. Qf3 b5 14. Bb3 Ne5 15. Qg2 Qxg2+ 16. Kxg2 Bb7 17. f3 b4 18. Nd5 c6 19. Nb6 Rad8 20. Rad1 Bc7 21. Na4 d5 22. Nc5 Bc8 23. exd5 Nd7 24. Bd4 cxd5 25. Bxd5 Re2+ 26. Rf2 Rxf2+ 27. Kxf2 Nxc5 28. Bxc5 Be6 29. Bxb4 Rxd5 30. Re1 Bb6+ 31. Kg2 g5 32. c4 Rd8 33. b3 h5 34. Re5 g4 35.
Rxh5 gxf3+ 36. Kxf3 Rd3+ 37. Kf4 Rd1 38. Bc3 Rf1+ 39.
Ke4 f6 40. c5 Bc7 41. c6 Kg7 42. Rc5 Kg6 43. Kd4 Be5+ 44. Ke3 Bc7 45. Ba5 Bd6 46. Rc2 Bc8 47. c7 Kf7 48. Rd2 Ke6 49. Ke4 Rc1 50. b4 Bxc7 51. Bxc7 Rxc7 52. Rd4 Rc2 53. h4 Rxa2 54. Rc4 Bb7+ 55. Kf4 Rf2+ 56. Kg4 Bd5 57. Rc8 Ke5 58. Re8+ Be6+ 59. Kh5 Rg2 60. g4 Rb2 61. g5 fxg5 62. hxg5 Rxb4 63. g6 Kf6 64. g7 Bf7+ 65. Kh6 Rh4# 0-1

[Event "Early-Titled-Tuesday-Blitz-April-16-2024"]
[Site "Chess.com"]
[Date "2024.04.16"]
[Round "8"]
[White "SpeedofLight0"]
[Black "superchess02"]
[Result "1-0"]
[WhiteElo "3081"]
[BlackElo "2902"]
[TimeControl "180+1"]
[EndTime "9:31:33 PDT"]
[Termination "SpeedofLight0 won by resignation"]

1. d4 Nf6 2. Nc3 d5 3. Bf4 e6 4. e3 Bd6 5. Qf3 Bxf4 6. exf4 a6 7.
O-O-O Qd6 8. g4 h6 9. g5 hxg5 10. fxg5 Nh5 11. Nh3 Nc6 12. Re1 Nxd4 13. Qxd5 Bd7 14.
Qc4 Bb5 15. Ne4 Bxc4 16. Nxd6+ cxd6 17. Bxc4 Rc8 18. Bd3 Kd7 19. Re4 Nc6 20. Rhe1 g6 21. Ng1 Ng7 22. Nf3 Rh3 23. R1e3 Rhh8 24. Rf4 Nf5 25. Bxf5 gxf5 26. h4 Ne7 27. Rd4 Ng6 28. a4 a5 29. Rb3 Rc7 30. Rb5 Ke7 31. Rxa5 e5 32. Rb4 Nf4 33. Kd2 Rhc8 34. c3 Ne6 35. Ne1 Nc5 36. Nd3 Ne4+ 37. Ke3 f6 38. g6 Rh8 39.
Rab5 Rxh4 40. Rxb7 Rxb7 41. Rxb7+ Kf8 42. a5 Rh3+ 43.
Ke2 Rxd3 44. Rb8+ Kg7 45. Kxd3 Nc5+ 46. Ke2 Kxg6 47. b4 1-0

[Event "Early-Titled-Tuesday-Blitz-April-16-2024"]
[Site "Chess.com"]
[Date "2024.04.16"]
[Round "8"]
[White "only_strong_moves"]
[Black "ActorXu"]
[Result "0-1"]
[WhiteElo "2642"]
[BlackElo "2841"]
[TimeControl "180+1"]
[EndTime "9:31:33 PDT"]
[Termination "ActorXu won on time"]

1. d4 Nf6 2. c4 c5 3. d5 b5 4. cxb5 a6 5. bxa6 g6 6. Nc3 Bg7 7. e4 O-O 8. Nf3 d6 9. Bd2 Bxa6 10. Bxa6 Nxa6 11. O-O Qb6 12. a4 Rfb8 13. Nb5 Nxe4 14. Re1 Nxd2 15. Qxd2 Qb7 16. Ra3 Nb4 17. Rd1 Qd7 18.
Ne1 Ra6 19. Nc2 Bxb2 20. Nxb4 cxb4 21. Rb3 Bf6 22. Rxb4 Rba8 23. Qc2 Kg7 24. Rc1 h5 25. h3 Ra5 26. Qc6 Qf5 27. Nc7 R8a7 28. Rcc4 Kh6 29.
Rb7 Rxb7 30. Qxb7 Qd3 31. Qb4 Qd1+ 32. Kh2 Ra7 33. Nb5 Rb7 34. a5 Qxd5 35. a6 Rxb5 36. Qa4 Ra5 37. Qc2 Rxa6 38. Rc8 Qe5+ 39. g3 Qb2 0-1

[Event "Early-Titled-Tuesday-Blitz-April-16-2024"]
[Site "Chess.com"]
[Date "2024.04.16"]
[Round "8"]
[White "Harry_Rakkel"]
[Black "sonicdravise"]
[Result "0-1"]
[WhiteElo "2730"]
[BlackElo "2618"]
[TimeControl "180+1"]
[EndTime "9:31:33 PDT"]
[Termination "sonicdravise won by resignation"]

1. e4 c5 2. Nf3 Nc6 3. d4 cxd4 4.
Nxd4 Nf6 5. Nc3 d6 6. Bg5 e6 7. Qd2 a6 8. f3 Bd7 9. O-O-O Be7 10. h4 Qc7 11. Kb1 b5 12. Nxc6 Bxc6 13. Ne2 O-O-O 14. Nd4 Bb7 15. c4 bxc4 16. Bxc4 Kb8 17. Rc1 Qb6 18. Be3 d5 19. exd5 Nxd5 20. Bf2 Bc5 21. Rhd1 Ka8 22.
Bb3 Rc8 23. Bg3 Rhd8 24. Nc2 Ne3 25. Qe2 Nxd1 26. Rxd1 Rxd1+ 27. Qxd1 Rd8 28. Qc1 Bd6 29. Be1 Be5 30. f4 Bf6 31. g4 g6 32. g5 Bg7 33.
Bc3 Bxc3 34. bxc3 Bd5 35. Kb2 Rb8 36. Nd4 a5 37. Ka1 Qc5 38. Qf1 Qxc3+ 0-1

[Event "Early-Titled-Tuesday-Blitz-April-16-2024"]
[Site "Chess.com"]
[Date "2024.04.16"]
[Round "8"]
[White "Kotofeyca"]
[Black "David_George21"]
[Result "0-1"]
[WhiteElo "2469"]
[BlackElo "2326"]
[TimeControl "180+1"]
[EndTime "9:31:33 PDT"]
[Termination "David_George21 won by resignation"]

1. d4 Nf6 2. c4 e6 3. Nf3 d5 4. Nc3 Bb4 5. cxd5 exd5 6. Qa4+ Nc6 7. Ne5 a5 8. Nxc6 bxc6 9. a3 Bd6 10. Bg5 O-O 11. e3 Bd7 12. Qc2 h6 13. Bh4 Re8 14. Be2 Rb8 15. O-O Be7 16. Na4 Ne4 17. Bxe7 Qxe7 18.
Bd3 c5 19. Nxc5 Nxc5 20. dxc5 c6 21. Rab1 Qg5 22. Rfc1 h5 23. b4 axb4 24. axb4 h4 25. Kh1 h3 26. g3 Bg4 27. Qc3 Bf5 28. Kg1 Qh5 29. Bxf5 Qxf5 30. Qe1 Rb5 31. Rd1 Ra8 32. Rd4 Qf3 33. Qf1 Ra2 34. Rf4 Qh5 35. Rh4 Qf5 36.
Rxh3 Rxf2 37. Qxf2 Qxb1+ 38. Kg2 Rxb4 39. Rh4 Rb2 40. Rf4 Rxf2+ 41. Rxf2 Qb4 42. Rc2 Qe4+ 0-1